 Dungeon Sprint DCSS version 0.27.0-66-gdc8fb28755 (webtiles) character file.

Game seed: 14264407831663073665

450 JuniperTheExplorer the Blocker (level 7, 0/62 HPs)
             Began as a Formicid Fighter on Aug 20, 2021.
             Shot with an arrow by a centaur warrior (19 damage)
             ... in the Dungeon (Sprint I: "Red Sonja").
             The game lasted 00:03:13 (634 turns).

JuniperTheExplorer the Blocker (Formicid Fighter)    Turns: 634, Time: 00:03:14

Health: 0/62       AC:  8    Str: 22    XL:     7   Next: 25%
Magic:  7/7        EV: 10    Int:  7    God:
Gold:   63         SH: 12    Dex: 11    Spells: 6/6 levels left

rFire    . . .     SeeInvis +   a - +0 quarterstaff
rCold    . . .     Faith    .   c - +0 kite shield
rNeg     . . .     Spirit   .   b - +0 scale mail
rPois    .         Reflect  .   (helmet unavailable)
rElec    .         Harm     .   (no cloak)
rCorr    +         Rampage  .   (no gloves)
Will     .....                  (no boots)
Stlth    ..........             (no amulet)
HPRegen  0.20/turn              e - ring of resist corrosion
MPRegen  0.10/turn              (no ring)

@: no status effects
A: permanent stasis, dig shafts and tunnels, antennae 3, four strong arms
a: Dig


You were in the Dungeon.
You visited 1 branch You collected 303 gold pieces.
You spent 240 gold pieces at shops.

Inventory:

Hand Weapons
 a - a +0 quarterstaff (weapon)
Missiles
 d - 4 poisoned darts (quivered)
Armour
 b - a +0 scale mail (worn)
 c - a +0 kite shield (worn)
Jewellery
 e - a ring of resist corrosion (left hand)
Potions
 g - 2 potions of magic


   Skills:
 + Level 8.2 Fighting
 + Level 7.4 Staves
 + Level 8.6 Armour
 + Level 1.3 Dodging
 + Level 9.8 Shields


You had 6 spell levels left.
You didn't know any spells.
Your spell library was empty.

Dungeon Overview and Level Annotations

Branches:
Dungeon (1/1)

Altars:
Cheibriados
Dithmenos
Elyvilon
Fedhas
Gozag
Hepliaklqana
Kikubaaqudgha
Nemelex Xobeh
Okawaru
Qazlal
Ru
Sif Muna
Trog
Uskayaw
Vehumet
Wu Jian
Yredelemnul
Zin
The Shining One

Shops:
D =


Innate Abilities, Weirdness & Mutations

You cannot be hasted, slowed, berserked, paralysed or teleported.
You can dig through walls and to a lower floor.
You have a pair of large antennae on your head. (SInv)
Your four strong arms can wield two-handed weapons with a shield.


Message History

You block the centaur warrior's attack. x3; The centaur warrior misses you.
The centaur warrior hits you! The centaur warrior closely misses you.
Throw: 6 darts (poison)
Press: ? - help, Q - select action, (/) - cycle Shift-Dir - straight line, f - centaur warrior, p - centaur warrior
Aim: a centaur warrior, quivering arrows (68% to hit)
You throw a poisoned dart.
The poisoned dart barely misses the centaur warrior.
You hear a splash.
The centaur warrior closely misses you.
The centaur warrior kicks you but does no damage.
The centaur warrior misses you.
The centaur warrior kicks you but does no damage.
You block the centaur warrior's attack. The centaur warrior barely misses you.
Throw: 5 darts (poison)
Press: ? - help, Q - select action, (/) - cycle Shift-Dir - straight line, f/p - centaur warrior
Aim: a centaur warrior, quivering arrows (68% to hit)
You throw a poisoned dart.
The poisoned dart hits the centaur warrior.
The centaur warrior is poisoned.
You hear a splash.
You block the centaur warrior's attack. The centaur warrior barely misses you.
The centaur warrior misses you. The centaur warrior kicks you.
The centaur warrior hits you but does no damage.
You block the centaur warrior's attack.
Your unstable footing causes you to fumble your attack.
The centaur warrior barely misses you. You block the centaur warrior's attack.
The centaur warrior barely misses you. You block the centaur warrior's attack.
The centaur warrior hits you! You block the centaur warrior's attack.
You block the centaur warrior's attack.
The centaur warrior kicks you but does no damage.
There is an open door here.
The centaur warrior wields a +0 longbow.
The centaur warrior shoots an arrow.
The arrow closely misses you.
The centaur warrior wields a +0 shortbow.
The centaur warrior shoots an arrow.
The arrow hits you.
You sock the centaur warrior!
The centaur warrior is lightly wounded.
The centaur warrior looks more healthy.
The centaur warrior shoots an arrow.
The arrow hits you!!
You die...

################
#<.#..)..#..'..#
#..').#..').#..+ { {
#..#####'#####'# ###{
#..####..#...#.####§§#
#..#__####..##c#≈§§§§#
#..#_____##'#_.§c≈≈§§+
{
#⌠⌠#_.∩...'...@#(≈≈§.#
####_..__##_.#'##+####
#_____###+#.# {
####### ### { { { { {{
{ {


You could see 2 centaur warriors.

Vanquished Creatures
  Sigmund (D)
  A yak (D)
  An ogre (D)
  A jelly (D)
  Ijyb (D)
5 creatures vanquished.

Notes
Turn   | Place    | Note
-------+----------+-------------------------------------------
     0 | D        | JuniperTheExplorer the Formicid Fighter began the quest for
                  | the Orb.
     0 | D        | Reached XP level 1. HP: 18/18 MP: 1/1
     2 | D        | Noticed Ijyb
    29 | D        | Killed Ijyb
    30 | D        | Reached skill level 5 in Shields
    30 | D        | Reached XP level 2. HP: 26/26 MP: 2/2
    30 | D        | Reached XP level 3. HP: 31/31 MP: 3/3
   125 | D        | Noticed an ogre
   128 | D        | Killed an ogre
   129 | D        | Reached skill level 5 in Armour
   129 | D        | Reached skill level 6 in Shields
   129 | D        | Reached XP level 4. HP: 17/40 MP: 4/4
   129 | D        | Reached XP level 5. HP: 20/46 MP: 5/5
   133 | D        | Noticed Sigmund
   152 | D        | Killed Sigmund
   153 | D        | Reached skill level 8 in Shields
   153 | D        | Reached XP level 6. HP: 19/55 MP: 6/6
   375 | D        | Found an ornate altar of the Wu Jian Council.
   375 | D        | Found a shimmering blue altar of Sif Muna.
   380 | D        | Found a radiant altar of Vehumet.
   385 | D        | Reached skill level 9 in Shields
   415 | D        | Found Xaof's Jewellery Emporium.
   415 | D        | Found an ancient bone altar of Kikubaaqudgha.
   415 | D        | Found a hazy altar of Hepliaklqana.
   415 | D        | Found a stormy altar of Qazlal.
   415 | D        | Found a hide-covered altar of Uskayaw.
   415 | D        | Found a blossoming altar of Fedhas.
   415 | D        | Found a bloodstained altar of Trog.
   415 | D        | Found an iron altar of Okawaru.
   415 | D        | Found a basalt altar of Yredelemnul.
   415 | D        | Found a glowing golden altar of the Shining One.
   415 | D        | Found a snail-covered altar of Cheibriados.
   415 | D        | Found a sacrificial altar of Ru.
   415 | D        | Found a glowing silver altar of Zin.
   415 | D        | Found a shadowy altar of Dithmenos.
   415 | D        | Found a white marble altar of Elyvilon.
   415 | D        | Noticed a yak
   422 | D        | Killed a yak
   423 | D        | Reached skill level 1 in Dodging
   423 | D        | Reached XP level 7. HP: 27/62 MP: 7/7
   597 | D        | Found an opulent altar of Gozag.
   598 | D        | Found a sparkling altar of Nemelex Xobeh.
   602 | D        | Bought a ring of resist corrosion for 240 gold pieces
   621 | D        | Noticed a centaur warrior
   621 | D        | Noticed a centaur warrior
   634 | D        | Shot with an arrow by a centaur warrior

Illustrated notes

Levels and vault maps discovered:
D:        dungeon_sprint_1 [red_sonja_temple_1, red_sonja_temple_small_1]

Skill      XL: |  1  2  3  4  5  6 |
---------------+-------------------+-----
Fighting       | 4 6 7 8 |  8.2
Armour         | 4 5 7 8 |  8.6
Shields        | 5 6 8 9 |  9.8
Staves         | 4 6 7 |  7.4
Dodging        | 1 |  1.3

Action                   |  1- 3 |  4- 6 |  7- 9 || total
-------------------------+-------+-------+-------++-------
Melee: Quarterstaff      |    27 |    22 |     2 ||    51
Throw: Dart              |       |       |     4 ||     4
  Use: Potion            |     2 |     1 |       ||     3
       Scroll            |       |       |     1 ||     1
Armor: Skin              |    10 |       |       ||    10
       Scale mail        |     2 |     2 |     5 ||     9
Dodge: Dodged            |     3 |     7 |    11 ||    21
Block: Kite shield       |     6 |     7 |    10 ||    23
